[Event "Late-Titled-Tuesday-Blitz-August-29-2023"]
[Site "Chess.com"]
[Date "2023.08.29"]
[Round "4"]
[White "Athanasios2"]
[Black "arenal72"]
[Result "1-0"]
[WhiteElo "2717"]
[BlackElo "2526"]
[TimeControl "180+1"]
[EndTime "14:37:27 PDT"]
[Termination "Athanasios2 won by resignation"]

1. Nf3 d6 2. c4 e5 3. Nc3 f5 4. d3 Nf6 5. g3 Be7 6. Bg2 O-O 7. b4 a6 8. Bb2 c6 9. O-O h6 10. a4 Be6 11. b5 Nbd7 12. e3 d5 13. bxc6 bxc6 14.
cxd5 cxd5 15. Rb1 Qa5 16. Ba1 Rab8 17. Ne2 Bd6 18. Qc2 Rfc8 19. Rxb8 Nxb8 20. Qb3 Nfd7 21.
Bc3 Qc7 22. Rc1 Nc6 23. Bd2 Kf7 24. Qd1 Qa7 25. Ne1 Ne7 26. Rb1 Rb8 27. Rc1 Rc8 28.
Bc3 Nc5 29. d4 Ne4 30. Bb2 exd4 31. Nxd4 Rxc1 32. Qxc1 Bc5 33. Nd3 Bxd4 34. Bxd4 Qd7 35. Ne5+ 1-0

[Event "Late-Titled-Tuesday-Blitz-August-29-2023"]
[Site "Chess.com"]
[Date "2023.08.29"]
[Round "4"]
[White "GreatOwl02"]
[Black "MFatigue"]
[Result "1-0"]
[WhiteElo "2411"]
[BlackElo "2499"]
[TimeControl "180+1"]
[EndTime "14:37:29 PDT"]
[Termination "GreatOwl02 won on time"]

1. d4 d5 2. c4 c6 3. Nf3 Nf6 4. Nc3 dxc4 5. a4 Bf5 6. Nh4 Bd7 7.
e4 e6 8. Bxc4 Nxe4 9. Nxe4 Qxh4 10. Qf3 Bb4+ 11. Kf1 h6 12. Bf4 Qe7 13. Be5 f5 14.
Ng3 Bd6 15. Re1 Bxe5 16. Rxe5 Kd8 17. Nxf5 Qb4 18. Bxe6 Bxe6 19. Rxe6 Qxb2 20. Qf4 Nd7 21. Nd6 Qb1+ 22. Re1 Qb3 23. Nf7+ 1-0

[Event "Late-Titled-Tuesday-Blitz-August-29-2023"]
[Site "Chess.com"]
[Date "2023.08.29"]
[Round "4"]
[White "cthulhuuu"]
[Black "Apocalyps999"]
[Result "1-0"]
[WhiteElo "2482"]
[BlackElo "2330"]
[TimeControl "180+1"]
[EndTime "14:37:29 PDT"]
[Termination "cthulhuuu won by checkmate"]

1. e4 e5 2. Nf3 Nc6 3. Bb5 a6 4.
Bxc6 dxc6 5. O-O Bg4 6. h3 h5 7.
d3 Qf6 8. Nbd2 Ne7 9. Re1 Ng6 10.
d4 Bd6 11. hxg4 hxg4 12. Nh2 Rxh2 13. Qxg4 Qh4 14. Qxh4 Rxh4 15. Nf3 Rh5 16. g3 O-O-O 17. c3 Rdh8 18. Kg2 f6 19. Be3 b6 20. a4 a5 21.
Rad1 Kb7 22. d5 cxd5 23. Rxd5 Ne7 24. Rd2 g5 25. g4 R5h7 26. Rdd1 Ng6 27. Rh1 Kc6 28.
Rxh7 Rxh7 29. Nd2 Nh4+ 30. Kg3 b5 31. axb5+ Kxb5 32. b3 Ng6 33. Nc4 Bf8 34. Rd5+ Kc6 35. Nxa5# 1-0

[Event "Late-Titled-Tuesday-Blitz-August-29-2023"]
[Site "Chess.com"]
[Date "2023.08.29"]
[Round "4"]
[White "Ducke13"]
[Black "korason34"]
[Result "1-0"]
[WhiteElo "2434"]
[BlackElo "2672"]
[TimeControl "180+1"]
[EndTime "14:37:32 PDT"]
[Termination "Ducke13 won by resignation"]

1. d4 d6 2. g3 g6 3. Bg2 Bg7 4. e4 Nd7 5. Ne2 Ngf6 6. Nbc3 O-O 7. h3 c5 8. d5 a6 9. a4 Rb8 10. a5 b5 11. axb6 Nxb6 12. O-O e6 13. dxe6 fxe6 14.
b3 h6 15. Be3 Qc7 16. Qd2 Bb7 17. Bxh6 Rbd8 18. Bxg7 Kxg7 19. Nf4 Rfe8 20. Qe3 Qf7 21. e5 dxe5 22. Qxe5 Bxg2 23. Kxg2 Rc8 24. Rfd1 Qb7+ 25. Kg1 Nd7 26. Rxd7+ Qxd7 27. Ne4 Qd4 28. Qxd4 cxd4 29. Nd6 Rxc2 30. Nxe8+ Nxe8 31. Nxe6+ Kh6 32. Nxd4 Rd2 33.
Ne6 Rd6 34. Nf4 Nc7 35. Re1 Rb6 36. Re7 Nb5 37. Re6 1-0

[Event "Late-Titled-Tuesday-Blitz-August-29-2023"]
[Site "Chess.com"]
[Date "2023.08.29"]
[Round "4"]
[White "Alphafischer2019"]
[Black "zsoltkorpics"]
[Result "1-0"]
[WhiteElo "2517"]
[BlackElo "2377"]
[TimeControl "180+1"]
[EndTime "14:37:34 PDT"]
[Termination "Alphafischer2019 won on time"]

1. d4 Nf6 2. Bf4 d5 3. e3 c5 4. Nc3 cxd4 5. exd4 a6 6. Nf3 Nc6 7. Ne5 g6 8. Qd2 Bg7 9. h4 h5 10. O-O-O Na5 11. f3 b5 12. Kb1 Nc4 13. Bxc4 bxc4 14. Rde1 Be6 15. Nxg6 Qb6 16. Nxh8 Bxh8 17. Na4 Qb5 18.
Nc5 Bf5 19. Qc3 Nd7 20. a4 Qb6 21. Qe3 e6 22. Nxd7 Kxd7 23. Rd1 Ra7 24. Kc1 Rb7 25. Qc3 Bf6 26. Bg5 Bg7 27. g4 Bg6 28. gxh5 Bxh5 29.
Rhg1 Bf8 30. Bd2 a5 31. Rde1 Bb4 32. Qe3 Bd6 33. Bc3 Qc7 34. Kd1 Bf4 35. Qf2 Qc6 36. Rg4 Bxg4 37. fxg4 Bd6 38. Qxf7+ Be7 39. g5 Qxa4 40.
Qxe6+ Kd8 41. Qxd5+ Qd7 42. Bxa5+ Kc8 43. Qg8+ 1-0

[Event "Late-Titled-Tuesday-Blitz-August-29-2023"]
[Site "Chess.com"]
[Date "2023.08.29"]
[Round "4"]
[White "promen1999"]
[Black "h4parah5"]
[Result "1-0"]
[WhiteElo "2865"]
[BlackElo "2966"]
[TimeControl "180+1"]
[EndTime "14:37:38 PDT"]
[Termination "promen1999 won by resignation"]

1. e4 c5 2. Nf3 Nc6 3. Bb5 e6 4. Bxc6 bxc6 5. d3 Ne7 6. Nbd2 f6 7. e5 fxe5 8. b3 d6 9. Bb2 Ng6 10. h4 Be7 11. h5 Nf4 12. g3 Nd5 13. h6 g6 14. Qe2 O-O 15. O-O-O a5 16. a4 Ba6 17. Rde1 Qe8 18. Ne4 Qf7 19. Nfd2 Nb4 20. f4 d5 21. Nxc5 e4 22. Nxa6 Rxa6 23. dxe4 Raa8 24.
exd5 cxd5 25. Qe5 Bf6 26. Qxf6 Qxf6 27. Bxf6 Rxf6 28. Nf3 Rc8 29. Re2 Rc3 30. Nd4 Rxg3 31. Nxe6 Rc3 32. Ng5 Rc8 33. Re7 Rxc2+ 34. Kb1 Rxf4 35.
Rg7+ Kh8 36. Rxh7+ Kg8 37. Rg7+ 1-0

[Event "Late-Titled-Tuesday-Blitz-August-29-2023"]
[Site "Chess.com"]
[Date "2023.08.29"]
[Round "4"]
[White "MikeSailer"]
[Black "viktorgen2021"]
[Result "0-1"]
[WhiteElo "2172"]
[BlackElo "2439"]
[TimeControl "180+1"]
[EndTime "14:37:38 PDT"]
[Termination "viktorgen2021 won on time"]

1. d4 Nf6 2. Bf4 d6 3. Nf3 g6 4. e3 Bg7 5. Be2 b6 6. O-O Bb7 7. h3 O-O 8. c4 e6 9. Nc3 Ne4 10.
a4 Nxc3 11. bxc3 a5 12. c5 bxc5 13. Rb1 Be4 14. Bd3 Bxd3 15. Qxd3 cxd4 16. exd4 Nd7 17. Rb7 Qc8 18. Rfb1 Nb6 19. R7xb6 cxb6 20. Bxd6 Rd8 21. Rxb6 Ra7 22. c4 Rb7 23. Rxb7 Qxb7 24. c5 Bf8 25.
Bxf8 Kxf8 26. Qc3 Qb4 27. Qa1 Rb8 28. Kh2 Qb2 29. Qe1 Qb4 30. Qe5 Kg8 31. h4 Rd8 32. Qf6 Qb8+ 33. Ne5 Qc7 34. h5 Rxd4 35. f4 gxh5 36.
Qg5+ Kf8 37. Qh6+ Ke8 38. Qxh7 Rxf4 39. Qh8+ Ke7 0-1

[Event "Late-Titled-Tuesday-Blitz-August-29-2023"]
[Site "Chess.com"]
[Date "2023.08.29"]
[Round "4"]
[White "Mariia89"]
[Black "egnfanclub"]
[Result "0-1"]
[WhiteElo "1965"]
[BlackElo "2301"]
[TimeControl "180+1"]
[EndTime "14:37:39 PDT"]
[Termination "egnfanclub won by resignation"]

1. d4 d5 2. c4 c6 3. e3 Nf6 4. Nf3 e6 5. Nc3 Nbd7 6. Bd3 dxc4 7. Bxc4 b5 8. Bd3 a6 9. e4 c5 10. e5 cxd4 11. Ne4 Nxe4 12. Bxe4 Bb4+ 13. Bd2 Bxd2+ 14. Qxd2 Rb8 15. Qxd4 Qa5+ 16. b4 Qb6 17. Qd2 O-O 18.
O-O Rd8 19. Qg5 h6 20. Qf4 Bb7 21. Bc2 Bxf3 22. gxf3 Qc7 23. Qe4 Qxe5 24. Qh7+ Kf8 25.
Rfe1 Qg5+ 26. Kh1 Nf6 27. f4 Qd5+ 28. Be4 Nxh7 29. Bxd5 Rxd5 30. Kg2 Rc8 31. Re2 Nf6 32. a4 Rc4 33. axb5 axb5 34. Ra8+ Ke7 35. Rb8 Rxb4 36. Rb7+ Rd7 37. Rb6 Nd5 0-1

[Event "Late-Titled-Tuesday-Blitz-August-29-2023"]
[Site "Chess.com"]
[Date "2023.08.29"]
[Round "4"]
[White "jamengrand"]
[Black "newyorkmouse"]
[Result "1/2-1/2"]
[WhiteElo "2348"]
[BlackElo "2479"]
[TimeControl "180+1"]
[EndTime "14:37:42 PDT"]
[Termination "Game drawn by repetition"]

1. e4 a6 2. d4 h6 3. c4 g6 4. Nc3 b6 5. f4 Bg7 6. Nf3 Bb7 7.
Bd3 e6 8. e5 Ne7 9. Qe2 Nf5 10.
O-O Bf8 11. Ne4 Be7 12. Bd2 Nc6 13. Bc3 O-O 14. g4 Nh4 15. Nxh4 Bxh4 16. g5 hxg5 17. fxg5 Bxg5 18. d5 Na7 19. Nf6+ Kg7 20. Rf3 b5 21. b3 bxc4 22. bxc4 c6 23. Raf1 cxd5 24. Qg2 Qb6+ 25. Kh1 dxc4 26. Qxg5 cxd3 27. Nh5+ Kh7 28. Nf6+ Kg7 29. Nh5+ Kh7 30. Nf6+ Kg7 1/2-1/2

[Event "Late-Titled-Tuesday-Blitz-August-29-2023"]
[Site "Chess.com"]
[Date "2023.08.29"]
[Round "4"]
[White "AvitalBor"]
[Black "HalfIsCrayfish"]
[Result "1-0"]
[WhiteElo "2745"]
[BlackElo "2537"]
[TimeControl "180+1"]
[EndTime "14:37:43 PDT"]
[Termination "AvitalBor won by resignation"]

1. e4 c5 2. Nc3 Nc6 3. g3 g6 4. Bg2 Bg7 5. f4 e6 6. Nf3 d6 7.
O-O Nge7 8. Ne2 O-O 9. d4 cxd4 10.
Nexd4 Nxd4 11. Nxd4 Nc6 12. Nxc6 bxc6 13. c3 Rb8 14. Rf2 Qc7 15. Be3 c5 16. Qc2 Bb7 17. f5 exf5 18. exf5 Bxg2 19. Kxg2 Rfe8 20. Bf4 Be5 21.
Bxe5 Rxe5 22. fxg6 hxg6 23. Raf1 Rbe8 24. Qd3 R8e7 25. c4 Qc6+ 26. Kg1 d5 27. cxd5 Qxd5 28.
Qc3 Qd4 29. Qxd4 cxd4 30. Rd2 Re2 31. Rf2 Rxf2 32. Kxf2 Re4 33. Re2 f5 34. Kf3 d3 35. Rd2 Rb4 36. b3 Kf7 37. Rxd3 Kf6 38. Rd6+ Kg5 39. h4+ Kh5 40. Rd7 g5 41. hxg5 Kxg5 42.
Rxa7 f4 43. Ra5+ Kf6 44. gxf4 Ke7 45. Kg4 1-0

[Event "Late-Titled-Tuesday-Blitz-August-29-2023"]
[Site "Chess.com"]
[Date "2023.08.29"]
[Round "4"]
[White "MYMChessAcademy"]
[Black "leschebaza"]
[Result "1-0"]
[WhiteElo "2234"]
[BlackElo "2397"]
[TimeControl "180+1"]
[EndTime "14:37:43 PDT"]
[Termination "MYMChessAcademy won by checkmate"]

1. e4 e6 2. d4 d5 3. e5 c5 4.
c3 Nc6 5. Nf3 Qb6 6. a3 a5 7.
Be2 Nge7 8. Bd3 Bd7 9. Bc2 Qa6 10. Bd3 Qb6 11. Bc2 Nf5 12. Bxf5 exf5 13. O-O Be7 14.
Re1 Be6 15. Ng5 O-O 16. Qh5 Bxg5 17. Bxg5 cxd4 18. cxd4 Qxd4 19. Be3 Qxb2 20. Nd2 Nxe5 21. Rab1 Qxa3 22. Bd4 Ng6 23. Nf3 Rfe8 24. Ng5 Nf8 25. Rxe6 g6 26. Qh6 f6 27. Rxf6 Qd3 28. Rxf8+ Rxf8 29.
Qg7# 1-0

[Event "Late-Titled-Tuesday-Blitz-August-29-2023"]
[Site "Chess.com"]
[Date "2023.08.29"]
[Round "4"]
[White "azikom"]
[Black "NMJeevanK"]
[Result "1-0"]
[WhiteElo "2708"]
[BlackElo "2523"]
[TimeControl "180+1"]
[EndTime "14:37:44 PDT"]
[Termination "azikom won on time"]

1. Nf3 g6 2. c4 Bg7 3. Nc3 d6 4. d4 Nf6 5. e4 O-O 6. Be2 Nc6 7. O-O e5 8. Be3 Qe8 9. d5 Ne7 10. Nd2 Bd7 11. c5 h5 12. cxd6 cxd6 13. f3 h4 14. Nc4 h3 15. g3 Qb8 16. a4 Nh5 17. Qb3 b6 18. Qb4 Nc8 19. Nb5 Bxb5 20. Qxb5 f5 21.
Rac1 f4 22. Bf2 fxg3 23. hxg3 Qb7 24. Kh2 Qe7 25. Kxh3 Qg5 26. Qd7 Rf7 27. Qg4 Qd8 28. Kg2 Ne7 29. Rh1 Nf6 30. Qe6 Ne8 31. Be3 Rc8 32.
Bg5 Rc7 33. Ne3 Rxc1 34. Rxc1 Nc7 35. Qh3 Ne8 36. Ng4 Qa8 37. Bh6 Nf6 38. Bxg7 Kxg7 39. Qh6+ Kg8 40. Rh1 Nh5 41. Qg5 Qf8 42. Rxh5 1-0

[Event "Late-Titled-Tuesday-Blitz-August-29-2023"]
[Site "Chess.com"]
[Date "2023.08.29"]
[Round "4"]
[White "ferrufino64"]
[Black "DampFalcon"]
[Result "0-1"]
[WhiteElo "2131"]
[BlackElo "2352"]
[TimeControl "180+1"]
[EndTime "14:37:45 PDT"]
[Termination "DampFalcon won by resignation"]

1. e4 c5 2. Nf3 g6 3. d4 cxd4 4.
Nxd4 Nc6 5. c4 Nf6 6. Nc3 d6 7.
Be2 Nxd4 8. Qxd4 Bg7 9. Be3 O-O 10. Qd2 Qa5 11. O-O Be6 12. Rac1 Rfc8 13. b3 a6 14. Kh1 b5 15. Nd5 Qxd2 16. Bxd2 Nxd5 17. cxd5 Bd7 18. Be3 Bb2 19. Rb1 Ba3 20. Bd3 f5 21. exf5 Bxf5 22. Bxf5 gxf5 23. g4 fxg4 24. Rg1 Kf7 25. Rxg4 Rg8 26. Rf4+ Ke8 27. Re1 Rc8 28. h3 Rc2 29.
Bd4 Bb2 30. Bb6 Be5 31. Rh4 Rg7 32. a4 Rb2 33. axb5 axb5 34. Rb4 Bc3 35. Rbe4 Bxe1 36. Rxe1 Rxb3 0-1

[Event "Late-Titled-Tuesday-Blitz-August-29-2023"]
[Site "Chess.com"]
[Date "2023.08.29"]
[Round "4"]
[White "Grebeniuk-S"]
[Black "geordie_derraugh"]
[Result "1-0"]
[WhiteElo "2614"]
[BlackElo "2405"]
[TimeControl "180+1"]
[EndTime "14:37:46 PDT"]
[Termination "Grebeniuk-S won on time"]

1. d4 Nf6 2. Nf3 d5 3. e3 g6 4.
Nbd2 Bg7 5. b3 Ne4 6. Bb2 c5 7.
Bd3 Nxd2 8. Qxd2 Nc6 9. O-O Bg4 10. Ne5 Nxe5 11. dxe5 Qc7 12. Bb5+ Bd7 13. Bxd7+ Qxd7 14. Rad1 Rd8 15. c4 dxc4 16. Qe2 Qe6 17. Rxd8+ Kxd8 18. bxc4 Bxe5 19. Bxe5 Qxe5 20. Qf3 Kc8 21. Qxf7 Qf6 22. Qd5 Qd6 23. Qf7 Qf6 24. Qd5 Qd6 25. Qe4 Rd8 26.
h4 Rd7 27. h5 Qa6 28. Rc1 Qxa2 29. Qe5 Qa3 30. Ra1 Qb4 31. Rxa7 Rd1+ 32. Kh2 Kd7 33. h6 Rb1 34. Qd5+ Kc7 35. Ra8 Qxc4 36. Qxc4 1-0

[Event "Late-Titled-Tuesday-Blitz-August-29-2023"]
[Site "Chess.com"]
[Date "2023.08.29"]
[Round "4"]
[White "Eloist"]
[Black "Ncatt"]
[Result "0-1"]
[WhiteElo "2454"]
[BlackElo "2433"]
[TimeControl "180+1"]
[EndTime "14:37:49 PDT"]
[Termination "Ncatt won on time"]

1. e4 c5 2. Nf3 Nc6 3. Bb5 g6 4. Bxc6 bxc6 5. O-O Bg7 6. Re1 e5 7. c3 Ne7 8. d4 cxd4 9. cxd4 exd4 10. Nxd4 O-O 11.
Nc3 Rb8 12. Rb1 h6 13. Bf4 Rb4 14. Nc2 Rb6 15. Qd2 Re8 16. Bxh6 d5 17. Bxg7 Kxg7 18. exd5 Nxd5 19. Rxe8 Qxe8 20. Nxd5 cxd5 21. Qxd5 Bf5 22. Re1 Qa4 23. Ne3 Be6 24. Qe5+ f6 25. Qc7+ Bf7 26. h4 Qxh4 27. b3 Ra6 28. Rd1 Rxa2 29. g3 Qe4 30.
Rd7 Ra1+ 31. Nf1 Qe6 32. b4 a6 33. Rd6 Qc4 0-1

[Event "Late-Titled-Tuesday-Blitz-August-29-2023"]
[Site "Chess.com"]
[Date "2023.08.29"]
[Round "4"]
[White "nitpicker"]
[Black "Karttunen"]
[Result "1-0"]
[WhiteElo "2304"]
[BlackElo "2584"]
[TimeControl "180+1"]
[EndTime "14:37:51 PDT"]
[Termination "nitpicker won by resignation"]

1. d4 f5 2. c4 Nf6 3. Nf3 g6 4. Nc3 Bg7 5. g3 O-O 6. Bg2 d6 7. O-O c6 8. Rb1 a5 9. b3 Ne4 10. Bb2 Na6 11. a3 Nc7 12. Qc2 Qe8 13. Rbc1 Nxc3 14. Bxc3 e5 15. dxe5 dxe5 16. e4 Rf7 17. Rfe1 Re7 18. Qb2 fxe4 19. Rxe4 Bf5 20. Ree1 e4 21.
Bxg7 exf3 22. Rxe7 Qxe7 23. Bf6 Qe2 24. Bf1 Qxb2 25. Bxb2 Ne6 26. b4 axb4 27. axb4 Ra2 28. Be5 Kf7 29. c5 Be4 30. Bc4 Bd5 31. Bxa2 Bxa2 32.
Ra1 Bc4 33. Ra7 Ba6 34. b5 cxb5 35. c6 Ke8 36. cxb7 Bxb7 37. Rxb7 1-0

[Event "Late-Titled-Tuesday-Blitz-August-29-2023"]
[Site "Chess.com"]
[Date "2023.08.29"]
[Round "4"]
[White "protectiago"]
[Black "Maili15"]
[Result "0-1"]
[WhiteElo "2098"]
[BlackElo "2342"]
[TimeControl "180+1"]
[EndTime "14:37:51 PDT"]
[Termination "Maili15 won on time"]

1. d4 Nf6 2. c4 g6 3. Nc3 d5 4.
cxd5 Nxd5 5. e4 Nxc3 6. bxc3 Bg7 7. Nf3 c5 8. Be3 O-O 9. Qd2 Nc6 10. Rc1 Bg4 11.
d5 Bxf3 12. gxf3 Ne5 13. Be2 e6 14. f4 Nd7 15. c4 exd5 16. cxd5 Rc8 17. Kf1 Qh4 18. Bf3 a6 19. e5 c4 20. Qb4 b5 21.
a4 g5 22. Qe7 Rcd8 23. Rg1 Qh3+ 24. Bg2 Qh5 25. e6 gxf4 26. Bd2 Ne5 27. Be4 Qh3+ 28. Bg2 Qd3+ 29. Ke1 f3 30. Bf1 Qxd5 31. Bh6 Qe4+ 32.
Be3 Nd3+ 33. Bxd3 Qxd3 34. exf7+ Kh8 35. Bd2 Qxd2+ 0-1

[Event "Late-Titled-Tuesday-Blitz-August-29-2023"]
[Site "Chess.com"]
[Date "2023.08.29"]
[Round "4"]
[White "ckgchess"]
[Black "GoltsevDmitry2000"]
[Result "0-1"]
[WhiteElo "2887"]
[BlackElo "2634"]
[TimeControl "180+1"]
[EndTime "14:37:52 PDT"]
[Termination "GoltsevDmitry2000 won by resignation"]

1. d4 e6 2. Nf3 Nf6 3. Bf4 b6 4. e3 Bb7 5. Nbd2 Be7 6. h3 O-O 7. Bd3 d5 8. c3 Nbd7 9. O-O c5 10. a4 a6 11. Re1 c4 12. Bc2 b5 13. Ne5 Nxe5 14.
Bxe5 Nd7 15. Bg3 f5 16. Nf3 b4 17. Qd2 b3 18. Bd1 Nf6 19. Bh2 Ne4 20. Qe2 Bf6 21. Ne5 a5 22. f3 Ng5 23. Qf2 Nf7 24.
Nxf7 Rxf7 25. Be2 Bc6 26. Qg3 Qd7 27. e4 Bxa4 28. exd5 exd5 29. Qf2 Bc6 30. Be5 a4 31. f4 Be7 32. Bf3 a3 33. bxa3 Rxa3 34. Rab1 Bf8 35.
Re2 Qa7 36. Kh2 Ra2 37. Rxa2 Qxa2 38. Rb2 Qa1 39. Re2 Ba3 40. Qg3 b2 41. Bh5 Re7 42. Bf6 b1=Q 43. Qg5 h6 44. Qg6 Be8 45. Qxe8+ Rxe8 46. Rxe8+ Kh7 47. Be5 Qh1+ 0-1

[Event "Late-Titled-Tuesday-Blitz-August-29-2023"]
[Site "Chess.com"]
[Date "2023.08.29"]
[Round "4"]
[White "IamSchrodingersCat"]
[Black "Arystanner"]
[Result "0-1"]
[WhiteElo "2559"]
[BlackElo "2857"]
[TimeControl "180+1"]
[EndTime "14:37:52 PDT"]
[Termination "Arystanner won on time"]

1. e4 c5 2. Nf3 d6 3. d4 cxd4 4. Nxd4 Nf6 5. Nc3 a6 6. Be2 e5 7. Nb3 Be6 8. f4 Nc6 9. f5 Bxb3 10. axb3 Nd4 11. Bf3 d5 12. Nxd5 Nxd5 13. exd5 Bc5 14. c3 Nxf3+ 15. Qxf3 O-O 16. b4 e4 17. Qg4 Bb6 18.
Bh6 Qf6 19. Bg5 Qe5 20. O-O-O a5 21. b5 a4 22. Bf4 Qf6 23. Qg5 Qxg5 24. Bxg5 f6 25.
Bf4 a3 26. bxa3 Rxa3 27. Kb2 Ra5 28. d6 Rxb5+ 29. Kc2 Rxf5 30. Bg3 Ra5 31. Rb1 Ra6 32. Rb2 f5 33. Bf4 Bc5 34. Rg1 Bxd6 35. Bxd6 Rxd6 36. Rxb7 f4 37. Re1 e3 38. Re2 Rfd8 39.
Rb4 g5 40. h4 Rd2+ 41. Rxd2 Rxd2+ 42. Kc1 Rxg2 43. hxg5 Rg1+ 44. Kc2 e2 0-1

[Event "Late-Titled-Tuesday-Blitz-August-29-2023"]
[Site "Chess.com"]
[Date "2023.08.29"]
[Round "4"]
[White "Sinquefield"]
[Black "ArmanGhevondyanchess"]
[Result "0-1"]
[WhiteElo "2428"]
[BlackElo "2253"]
[TimeControl "180+1"]
[EndTime "14:37:53 PDT"]
[Termination "ArmanGhevondyanchess won on time"]

1. d4 Nf6 2. Bg5 Ne4 3. Bh4 d5 4. f3 Nf6 5. Nc3 e6 6. e4 dxe4 7. fxe4 Be7 8. Nf3 O-O 9. Bd3 c5 10. d5 exd5 11. e5 Re8 12. O-O Ne4 13. Bxe7 Qxe7 14.
Nxd5 Qd8 15. Bxe4 Nc6 16. c3 Bg4 17. Qc2 h6 18. Rad1 Qc8 19. h3 Bh5 20. Bf5 Qb8 21. g4 Bg6 22. Bxg6 fxg6 23. Qxg6 Kh8 24. Qd6 Qc8 25. Nc7 Rd8 26. Nxa8 Rxd6 27. exd6 Qxa8 28. d7 Qb8 29. Kg2 Qc7 30. Rfe1 Kh7 31. Re6 Nd8 32.
Re8 Nc6 33. Ne5 Nd8 34. Kg1 c4 35. a4 Qc5+ 36. Kg2 Qe3 0-1

[Event "Late-Titled-Tuesday-Blitz-August-29-2023"]
[Site "Chess.com"]
[Date "2023.08.29"]
[Round "4"]
[White "stasOR4ik"]
[Black "vincentmasuka"]
[Result "1-0"]
[WhiteElo "2463"]
[BlackElo "2588"]
[TimeControl "180+1"]
[EndTime "14:37:54 PDT"]
[Termination "stasOR4ik won by resignation"]

1. c4 c5 2. Nc3 Nc6 3. g3 g6 4. Bg2 Bg7 5. e4 d6 6. Nge2 h5 7. h3 Nf6 8. d3 h4 9. g4 Nxg4 10.
hxg4 Bxg4 11. f3 h3 12. fxg4 hxg2 13. Rxh8+ Bxh8 14. Be3 e6 15. g5 Ne5 16. Qa4+ Kf8 17. O-O-O a6 18. Qc2 b5 19. Nf4 bxc4 20. dxc4 Nxc4 21.
Qf2 Nxe3 22. Nxe6+ Ke8 23. Nxd8 Nxd1 24. Kxd1 Rxd8 25.
Qxg2 Rb8 26. Kc2 Be5 27. Qf1 Rb6 28. b3 a5 29. Nd5 Rb4 30. Nf6+ Kd8 31. Qh3 Rb7 32.
Qh8+ Kc7 33. Qe8 Kb6 34. Nd5+ Ka7 35. Qd8 Ka6 36. a4 c4 37. Nc7+ Ka7 38. Nb5+ Ka6 39. bxc4 d5 40. Qa8+ Kb6 41. Qd8+ Kc5 42. Qxd5+ Kb4 43.
Qxe5 Rd7 44. Nd6 f6 45. Qb5+ Ka3 46. Qxd7 Ka2 47. Qb5 1-0

[Event "Late-Titled-Tuesday-Blitz-August-29-2023"]
[Site "Chess.com"]
[Date "2023.08.29"]
[Round "4"]
[White "FredddieCroderg"]
[Black "powermove"]
[Result "1-0"]
[WhiteElo "2316"]
[BlackElo "2055"]
[TimeControl "180+1"]
[EndTime "14:37:54 PDT"]
[Termination "FredddieCroderg won by resignation"]

1. e3 c5 2. d4 cxd4 3. exd4 Nf6 4. Bd3 g6 5. Nf3 Bg7 6. O-O O-O 7. Re1 d6 8. c3 Bg4 9. Nbd2 Nc6 10. h3 Bd7 11. Bf1 Re8 12. Nb3 a5 13. a4 Be6 14. Nbd2 Rb8 15. Bb5 Bf5 16. Nf1 Rf8 17. Ng3 Bd7 18.
Bd2 Na7 19. Bf1 b5 20. axb5 Bxb5 21. Ne2 Ne4 22. Be3 d5 23. Ne5 Nc6 24. Nd3 Ra8 25.
Ng3 Nxg3 26. fxg3 e5 27. dxe5 Nxe5 28. Nxe5 Bxf1 29. Nxf7 Rxf7 30. Rxf1 Rxf1+ 31. Qxf1 Qd6 32. Bf4 Qb6+ 33. Qf2 Qxf2+ 34. Kxf2 Rb8 35. Ra2 Rb5 36. Ke2 d4 37. c4 Rb3 38. c5 d3+ 39. Kd2 Bxb2 40.
c6 Bd4 41. c7 Rc3 42. Rxa5 Rc6 43. Ra8+ 1-0

[Event "Late-Titled-Tuesday-Blitz-August-29-2023"]
[Site "Chess.com"]
[Date "2023.08.29"]
[Round "4"]
[White "UgarteCesar"]
[Black "PNEPaul"]
[Result "0-1"]
[WhiteElo "2255"]
[BlackElo "1895"]
[TimeControl "180+1"]
[EndTime "14:37:54 PDT"]
[Termination "PNEPaul won by resignation"]

1. d4 a6 2. Nf3 d6 3. e3 g6 4.
Bd3 h6 5. O-O Bg7 6. c4 Nd7 7.
Nc3 e5 8. dxe5 dxe5 9. Qc2 Ne7 10.
b3 O-O 11. Rd1 c6 12. Bb2 f5 13. Bf1 Qe8 14. Rac1 e4 15. Nd4 Ne5 16. h3 g5 17.
Nce2 Qg6 18. Ng3 h5 19. f4 exf3 20. Nxf3 Nxf3+ 21. gxf3 Bxb2 22. Qxb2 h4 23. Nh1 g4 24. fxg4 fxg4 25. Bd3 Qg5 26. hxg4 Bxg4 27. Qg2 Qxe3+ 28.
Nf2 Qxf2+ 29. Qxf2 Rxf2 30. Kxf2 Bxd1 31. Rxd1 Rf8+ 32.
Kg2 Nf5 33. Bxf5 Rxf5 34. Rd4 Rh5 35. Kh3 Kf8 36. Rd7 Ra5 37. a4 b5 38. axb5 axb5 39. Rd4 bxc4 40. Rxc4 Ra6 41. Kxh4 Ke7 42. Kg5 Kd6 43.
Kf5 Kd5 44. Rc1 c5 45. Rd1+ Kc6 46. Ke5 Ra3 47. Rd3 Ra2 48. Ke4 Re2+ 49. Kf3 Rh2 50.
Rc3 Rh3+ 51. Ke4 Rxc3 52. b4 cxb4 53. Kd4 Kb5 0-1

[Event "Late-Titled-Tuesday-Blitz-August-29-2023"]
[Site "Chess.com"]
[Date "2023.08.29"]
[Round "4"]
[White "Chessdreamer2020"]
[Black "Berant"]
[Result "0-1"]
[WhiteElo "2526"]
[BlackElo "2382"]
[TimeControl "180+1"]
[EndTime "14:37:56 PDT"]
[Termination "Berant won by resignation"]

1. e4 c5 2. Nf3 Nc6 3. d4 cxd4 4.
Nxd4 e5 5. Nb5 Nf6 6. N1c3 d6 7. Bg5 a6 8. Na3 b5 9. Nd5 Be7 10. Bxf6 Bxf6 11. c4 b4 12. Nc2 O-O 13. g3 Bg5 14. Bg2 Rb8 15. b3 a5 16. O-O Be6 17. Qd3 Nd4 18.
Nxd4 exd4 19. Qxd4 Bxd5 20. Qxd5 a4 21. Rad1 axb3 22.
axb3 Be7 23. Ra1 Qb6 24. Ra4 Rfc8 25. Rfa1 Bf6 26. R1a2 Qd4 27. Qxd4 Bxd4 28. Ra6 Bc5 29. Kf1 Re8 30. f3 f5 31. Re2 fxe4 32. fxe4 Ra8 33.
Raa2 Bd4 34. Ke1 Ra3 35. Rxa3 bxa3 36. Ra2 Bb2 37. Kd1 Rb8 38. Kc2 Rf8 39. Bh3 Rf2+ 40. Kd3 Kf8 41. b4 Ke7 42. b5 Kd8 43. e5 dxe5 44. c5 Kc7 45. Bf5 Rxf5 46. Ke4 Rf1 47. Kd5 Rd1+ 48. Kc4 e4 0-1

[Event "Late-Titled-Tuesday-Blitz-August-29-2023"]
[Site "Chess.com"]
[Date "2023.08.29"]
[Round "4"]
[White "giomar27"]
[Black "CheckThis4"]
[Result "0-1"]
[WhiteElo "2275"]
[BlackElo "2638"]
[TimeControl "180+1"]
[EndTime "14:37:57 PDT"]
[Termination "CheckThis4 won by checkmate"]

1. e4 c5 2. Nf3 d6 3. d4 cxd4 4. Nxd4 Nf6 5. Nc3 g6 6. h4 Bg7 7. f3 Nc6 8. Be3 d5 9. exd5 Nxd5 10. Nxd5 Qxd5 11. Nxc6 Qxc6 12. Bd4 O-O 13. Bxg7 Kxg7 14. Qd4+ e5 15. Qxe5+ f6 16. Qe7+ Rf7 17. Qe4 Qd6 18. Rd1 Qg3+ 19. Kd2 Bf5 20. Qe1 Qf4+ 21. Qe3 Rd8+ 22.
Bd3 Qa4 23. b3 Qxa2 24. Ra1 Qb2 25. Rhb1 Rxd3+ 26. Qxd3 Qe5 27. Qe3 Qg3 28. Rg1 Rc7 29. c4 Rd7+ 30. Kc1 Rd3 31. Qe7+ Kh6 32. Qf8+ Kh5 33.
Qg7 Qf4+ 34. Kb2 Qd2+ 35. Ka3 Qa5+ 36. Kb2 Rd2+ 37. Kc1 Qc3# 0-1

[Event "Late-Titled-Tuesday-Blitz-August-29-2023"]
[Site "Chess.com"]
[Date "2023.08.29"]
[Round "4"]
[White "DishonorOnYourCow"]
[Black "Onthequiet"]
[Result "1-0"]
[WhiteElo "2518"]
[BlackElo "2372"]
[TimeControl "180+1"]
[EndTime "14:37:59 PDT"]
[Termination "DishonorOnYourCow won by resignation"]

1. d4 b6 2. c4 Bb7 3. Nf3 e6 4.
g3 Nf6 5. Bg2 Bb4+ 6. Nbd2 O-O 7.
O-O Re8 8. a3 Bf8 9. Qc2 d5 10.
Ne5 c6 11. Ndf3 Nfd7 12. b4 f6 13. Nxd7 Nxd7 14. Bb2 a5 15. Bc3 dxc4 16. Nd2 b5 17.
bxa5 Qc8 18. Rfb1 c5 19. Bxb7 Qxb7 20. Nxc4 cxd4 21. Bxd4 Rac8 22. Qa2 Qe4 23. Nb6 Rc2 24. Qb3 Nxb6 25. Bxb6 Qxe2 26. Qe3 Qc4 27. Rc1 e5 28. Rxc2 Qxc2 29. a6 Qa4 30. a7 Kh8 31. Rb1 Bxa3 32.
Qb3 Qxb3 33. Rxb3 b4 34. Rd3 h5 35. Rd8 Rxd8 36. Bxd8 b3 37. a8=Q b2 38. Qb7 1-0